 Dungeon Crawl Stone Soup version 0.20.1-1-g8b1a95d (webtiles) character file.

34 Sunburn the Firebug (level 3, 26/26 HPs)
             Began as a Demonspawn Fire Elementalist on July 9, 2017.
             Got out of the dungeon alive.
             The game lasted 00:06:31 (1362 turns).

Sunburn the Firebug (Demonspawn Fire Elementalist)  Turns: 1362, Time: 00:06:32

Health: 26/26      AC:  3    Str:  8    XL:     3   Next: 14%
Magic:  6/6        EV: 12    Int: 17    God:
Gold:   44         SH:  0    Dex: 15    Spells: 3/6 levels left

rFire    . . .     SeeInvis .   h - +4 dagger
rCold    . . .     Gourm    .   (no shield)
rNeg     . . .     Faith    .   a - +0 robe
rPois    .         Spirit   .   (no helmet)
rElec    .         Reflect  .   (no cloak)
rCorr    .         Harm     .   (no gloves)
MR       .....                  i - +0 pair of boots
Stlth    +++.......             (no amulet)
Regen    0.1/turn               (no ring)
MPRegen  0.1/turn               (no ring)

@: no status effects
A: thin skeletal structure 1, nightstalker 1
a: no special abilities


You escaped.
You were hungry.

You visited 1 branch of the dungeon, and saw 2 of its levels.

You collected 44 gold pieces.

Inventory:

Hand Weapons
 e - a +0 mace
 h - a +4 dagger (weapon)
Missiles
 d - 36 stones (quivered)
Armour
 a - a +0 robe (worn)
 i - a +0 pair of boots (worn)
Scrolls
 g - a scroll of random uselessness {unknown}
 k - a scroll of remove curse {unknown}
Potions
 j - a potion of lignification {unknown}
Books
 b - a book of Flames

   Spells                             Type                      Level
   a - Flame Tongue                   Conjuration/Fire             1
   b - Throw Flame                    Conjuration/Fire             2
   c - Conjure Flame                  Conjuration/Fire             3
   d - Inner Flame                    Hexes/Fire                   3
   e - Sticky Flame                   Conjuration/Fire             4
   f - Fireball                       Conjuration/Fire             5
Comestibles
 c - a bread ration


   Skills:
 * Level 1.2 Fighting
 - Level 1.7 Dodging
 - Level 1.7 Stealth
 * Level 2.1 Spellcasting
 * Level 1.1 Conjurations
 * Level 3.5 Fire Magic


You had 3 spell levels left.
You knew the following spells:

 Your Spells              Type           Power        Failure   Level  Hunger
a - Flame Tongue          Conj/Fire      #....        8%          1    #......
b - Throw Flame           Conj/Fire      #.....       11%         2    ###....


Dungeon Overview and Level Annotations

Branches:
Dungeon (2/15)

Altars:
Elyvilon


Innate Abilities, Weirdness & Mutations

You have a somewhat thin skeletal structure. (Dex +2, Stealth)
You are slightly more attuned to the shadows.


Message History

A jackal comes into view.
The jackal moves out of view.
You open the door.
There is an open door here.
You open the door.
There is an open door here.
You see here a club.
You see here a whip.
You are feeling hungry.
A rat comes into view.
The rat closely misses you.
You hit the rat.
You kill the rat!
No target in view!
You see here 23 arrows.
There is a staircase leading out of the dungeon here.
You can't go down here!
Unknown command.
Are you sure you want to leave the Dungeon?
This will make you lose the game!
You have escaped!

#..>..#.#..........
#.###.....#.....#######
#.......#.#.#.###
#.#####.#.#.#...
#.#######.# #.......
..# ######## ##
♣♣♣♣♣♣♣♣♣♣♣♣♣♣♣♣♣♣
....♣...♣♣.♣..♣.@♣
.♣....♣♣.♣..♣♣..♣♣
♣...♣♣...♣.♣.♣♣..♣
.......♣.♣♣♣.♣♣♣.♣
.♣...♣..♣...♣.♣♣♣♣
♣..♣...♣.♣♣♣♣♣♣
..♣...♣.♣♣ ......♣♣.♣
♣...♣..♣.♣


There were no monsters in sight!

Vanquished Creatures
  3 leopard geckos (D:1)
  A ball python (D:2)
  A goblin (D:1)
  9 hobgoblins (D:1)
  3 kobolds (D:1)
  3 bats (D:1)
  4 frilled lizards
  5 rats (D:1)
29 creatures vanquished.

Notes
Turn   | Place    | Note
-------+----------+-------------------------------------------
     0 | D:1      | Sunburn the Demonspawn Fire Elementalist began the quest for the Orb.
     0 | D:1      | Reached XP level 1. HP: 13/13 MP: 3/3
   435 | D:1      | Gained mutation: You have a somewhat thin skeletal structure. (Dex +2, Stealth) [demonic ancestry]
   435 | D:1      | Reached XP level 2. HP: 20/20 MP: 5/5
   438 | D:1      | Reached skill level 3 in Fire Magic
   492 | D:1      | Learned a level 2 spell: Throw Flame
   506 | D:1      | Reached skill level 1 in Fighting
   934 | D:1      | Gained mutation: You are slightly more attuned to the shadows. [demonic ancestry]
   934 | D:1      | Reached XP level 3. HP: 24/26 MP: 6/6
  1023 | D:2      | Found a white marble altar of Elyvilon.
  1362 | D:$      | Got out of the dungeon alive.

Skill      XL: |  1  2 |
---------------+-------+-----
Fire Magic     | 3 |  3.5
Fighting       | 1 |  1.2
Dodging        | |  1.7
Stealth        | |  1.7
Spellcasting   | |  2.1
Conjurations   | |  1.1

Action                   || total
-------------------------++-------
Melee: Mace              ||    17
       Dagger            ||    46
 Cast: Flame Tongue      ||    11
       Throw Flame       ||     1
  Use: Scroll            ||     1
 Stab: Sleeping          ||     5
  Eat: Chunk             ||     1
Armor: Robe              ||    15
Dodge: Dodged            ||    41
